 Dungeon Crawl Stone Soup version 0.29.0-11-gd7f09526c8 (webtiles) character file.

Game seed: 863996593947288229

2753 sanka the Nimble (level 9, -3/56 HPs)
             Began as an Octopode Cinder Acolyte on Sept 6, 2022.
             Was a High Priest of Ignis.
             Slain by a bullfrog (7 damage)
             ... on level 7 of the Dungeon.
             The game lasted 00:11:01 (8177 turns).

sanka the Nimble (Octopode Cinder Acolyte)          Turns: 8177, Time: 00:11:02

Health: -3/56      AC: -5    Str: 13    XL:     9   Next: 68%
Magic:  12/12      EV: 19    Int: 16    God:    Ignis [*****.]
Gold:   387        SH:  5    Dex: 16    Spells: 10/12 levels left

rFire   + . .      SeeInvis +   a - +6 dagger of Miumesu {elec, Dex+4}
rCold   . . .      Faith    .   (no shield)
rNeg    + . .      Spirit   .   e - +2 hat
rPois   .          Reflect  +   i - amulet of reflection
rElec   .          Harm     .   c - ring of positive energy
rCorr   .          Rampage  .   p - ring of see invisible
Will    .....                   (no ring)
Stlth   ++........              (no ring)
HPRegen 0.18/turn               (no ring)
MPRegen 0.13/turn               (no ring)
                                (no ring)
                                (no ring)

@: corroded
A: almost no armour, amphibious, 8 rings, camouflage 1, gelatinous body 1,
(nimble swimmer 1), tentacles
a: Renounce Religion, Fiery Armour, Foxfire Swarm, Rising Flame


You were on level 7 of the Dungeon.
You worshipped Ignis.
Ignis was extremely pleased with you.
You visited 1 branch of the dungeon, and saw 7 of its levels.
You also visited: Ossuary.

You collected 387 gold pieces.


Innate Abilities, Weirdness & Mutations

You cannot wear most types of armour.
You are amphibious.
You can wear up to eight rings at the same time.
Your skin changes colour to match your surroundings (Stealth+).
Your rubbery body absorbs attacks. (AC +1, EV +1)
((You are camouflaged when in or above water. (Stealth+)))
You have tentacles for arms and can constrict up to eight enemies at once.


   Skills:
 - Level 3.0 Fighting
 + Level 10.7 Dodging
 - Level 6.5 Unarmed Combat
 - Level 2.0 Spellcasting
 - Level 5.0 Fire Magic


You had 10 spell levels left.
You knew the following spells:

 Your Spells              Type           Power      Damage    Failure   Level
y - Scorch                Fire           34%        2d6       4%          2

Your spell library contained the following spells:

 Spells                   Type           Power      Damage    Failure   Level
 Dazzling Flash           Conj/Hex       2%         N/A       52%         3
 Iskenderun's Mystic Bla  Conj/Tloc      1%         2d3       90%         4
 Starburst                Conj/Fire      4%         6d4       100%        6

Inventory:

Hand Weapons
 a - the +6 dagger of Miumesu (weapon) {elec, Dex+4}

   It occasionally discharges a powerful burst of electricity upon striking a
   foe.
   Dex:       It affects your dexterity (+4).
 m - a +0 dagger of venom
Missiles
 r - 2 throwing nets {=f}
 E - a curare-tipped dart {=f}
Armour
 e - a +2 hat (worn)
Magical Staves
 o - a staff of conjuration {!a}
 t - a staff of air
 u - a staff of earth
Jewellery
 c - a ring of positive energy (left tentacle)
 i - an amulet of reflection (around mantle)
 p - a ring of see invisible (right tentacle)
 s - a ring of ice
Wands
 q - a wand of polymorph (4)
 C - a wand of mindburst (8)
Scrolls
 d - a scroll of poison {unknown}
 f - 5 scrolls of magic mapping {unknown}
 g - a scroll of summoning {unknown}
 h - 4 scrolls of teleportation {unknown}
 j - 6 scrolls of identify {unknown}
 v - 2 scrolls of fear {unknown}
 w - 3 scrolls of blinking {unknown}
 x - a scroll of enchant weapon {unknown}
 y - a scroll of butterflies {unknown}
 D - a scroll of immolation {unknown}
Potions
 b - 5 potions of mutation {unknown}
 k - 5 potions of curing {@q1}
 l - a potion of might {unknown}
 n - a potion of heal wounds {unknown}
 z - 2 potions of brilliance {unknown}
 A - a potion of haste {unknown}
 B - 2 potions of degeneration {unknown}

Dungeon Overview and Level Annotations

Branches:
Dungeon (7/15)             Temple (0/1) D:6         Ossuary (visited)

Altars:
Fedhas
Okawaru
Qazlal
Ru
Xom
Zin

Shops:
D:7 :

Annotations:
D:3 1 runed translucent door, Golzeb's ghost, amateur DrAE

▒. ▒.... ...▒▒ ..
..▒.... ....▒
▒....▒...▒▒..... . ..
▒.............. . ▒..
▒..▒▒.......... .
▒.▒▒▒..▒.......... ...
▒..▒......F.......
....▒▒.........x.......
.....▒.▒.▒..............
. .....▒.▒...).)........
▒▒▒▒........▒▒▒▒▒....▒..
.......[....▒▒▒ ..?▒▒ .
..▒▒..........▒▒ ▒▒▒▒
..▒....▒........▒
.......▒........▒
▒..▒▒...........▒


You could see a bullfrog.


Message History

You hit the jelly.
Your tentacles burn!
The jelly is heavily wounded.
The bullfrog closely misses you. The jelly barely misses you.
You hit the jelly. The acid corrodes you!
Your tentacles burn!
The jelly is almost dead.
The bullfrog misses you. The jelly hits you. The acid corrodes you!
You are splashed with acid!
* * * LOW HITPOINT WARNING * * *
The bullfrog hits you.
* * * LOW HITPOINT WARNING * * *
You hit the jelly.
Your tentacles burn!
* * * LOW HITPOINT WARNING * * *
The jelly is almost dead.
The bullfrog hits you.
* * * LOW HITPOINT WARNING * * *
The jelly hits you.
* * * LOW HITPOINT WARNING * * *
You are splashed with acid!
* * * LOW HITPOINT WARNING * * *
You hit the jelly.
You kill the jelly!
The bullfrog hits you!
You die...

Action                   |  1- 3 |  4- 6 |  7- 9 || total
-------------------------+-------+-------+-------++-------
Melee: Unarmed           |    62 |    85 |    60 ||   207
       Constrict         |    16 |    27 |    62 ||   105
       Tentacles         |     9 |    17 |    57 ||    83
       Punch             |     1 |     2 |    11 ||    14
       Dagger            |       |       |   192 ||   192
 Cast: Scorch            |     1 |    27 |    16 ||    44
Invok: Fiery Armour      |       |       |     1 ||     1
  Use: Potion            |       |     1 |     3 ||     4
 Stab: Sleeping          |     5 |     5 |     7 ||    17
Armor: Skin              |     7 |     9 |    23 ||    39
Dodge: Dodged            |    35 |    44 |   159 ||   238
Block: Other             |       |    17 |    56 ||    73
       Reflection        |       |     1 |     2 ||     3

Levels and vault maps discovered:
D:1:      ncdulo_halloftheorcs, layout_basic, palyth_stone_intersect,
          nicolae_concentric_dashed_squares_mild, hangedman_decor_push
D:2:      layout_rooms, dreamdust_ecumenical_altar_statues
D:3:      layout_loops_ring, nicolae_ru_path_of_blood, ebering_ghost_sewer_d
D:4:      layout_rooms, nicolae_figureground_pulse
D:5:      layout_basic, okawaru_ov_weapons_minmay,
          mainiacjoe_overflow_tiny_flanked, mainiacjoe_overflow_alcove_2
D:6:      hellmonk_destroyed_diamonds, layout_rooms, fedhas_altar_2,
          minmay_temple_entry_enclosed_plants, enter_ossuary_4,
          kennysheep_generic_room_10
D:7:      layout_cave_pools, zin_statuary, nicolae_uskayaw_en_pointe,
          lemuel_doored_altar, serial_shops, shop, nrook_mini_vaults, uniq_pikel

Notes
Turn   | Place    | Note
-------+----------+-------------------------------------------
     0 | D:1      | sanka the Octopode Cinder Acolyte began the quest for the
                  | Orb.
     0 | D:1      | Reached XP level 1. HP: 16/16 MP: 2/2
   256 | D:1      | Reached XP level 2. HP: 16/21 MP: 3/3
   804 | D:1      | Reached skill level 4 in Unarmed Combat
  1116 | D:2      | Reached XP level 3. HP: 26/26 MP: 4/4
  1443 | D:2      | Found a faded altar of an unknown god.
  1447 | D:2      | Learned a level 2 spell: Scorch
  1527 | D:2      | Reached XP level 4. HP: 29/31 MP: 2/5
  2042 | D:3      | Found a runed translucent door.
  2357 | D:3      | Found a sacrificial altar of Ru.
  2391 | D:3      | Reached skill level 2 in Spellcasting
  2608 | D:3      | Reached XP level 5. HP: 36/36 MP: 8/8
  2613 | D:3      | Reached skill level 4 in Fire Magic
  3155 | D:3      | Noticed Golzeb's ghost (amateur DrAE)
  3194 | D:4      | Reached skill level 5 in Fire Magic
  3194 | D:4      | Reached skill level 1 in Dodging
  3194 | D:4      | Reached XP level 6. HP: 42/42 MP: 0/9
  3350 | D:3      | HP: 1/42 [gnoll/+0 club (6)]
  3666 | D:4      | Reached skill level 5 in Unarmed Combat
  3682 | D:4      | Reached skill level 2 in Dodging
  3806 | D:4      | Reached XP level 7. HP: 39/46 MP: 10/10
  4142 | D:4      | Reached skill level 3 in Dodging
  4429 | D:5      | Entered Level 5 of the Dungeon
  4431 | D:5      | Found an iron altar of Okawaru.
  4495 | D:5      | Reached skill level 6 in Unarmed Combat
  4969 | D:5      | Reached skill level 4 in Dodging
  5055 | D:5      | Identified the +6 dagger of Miumesu {elec, Dex+4}
  5175 | D:5      | Found a shimmering altar of Xom.
  5411 | D:5      | Found a stormy altar of Qazlal.
  5537 | D:6      | Reached XP level 8. HP: 52/52 MP: 11/11
  5542 | D:6      | Found a blossoming altar of Fedhas.
  5549 | D:6      | Reached skill level 5 in Dodging
  5592 | D:6      | Reached skill level 6 in Dodging
  5909 | D:6      | Reached skill level 7 in Dodging
  5930 | D:6      | Found a staircase to the Ecumenical Temple.
  5964 | D:6      | Found a sand-covered staircase.
  5975 | Ossuary  | Entered an ossuary
  6289 | Ossuary  | Reached skill level 8 in Dodging
  6553 | D:6      | Reached XP level 9. HP: 33/56 MP: 12/12
  6621 | D:6      | HP: 3/56 [vampire mosquito (9)]
  6627 | D:6      | HP: 2/56 [vampire mosquito (5)]
  6631 | D:6      | Reached skill level 9 in Dodging
  7696 | D:7      | Reached skill level 10 in Dodging
  7826 | D:7      | Found a glowing silver altar of Zin.
  7841 | D:7      | Found Idauc's Book Shop.
  8176 | D:7      | HP: 4/56 [acid (9)]
  8177 | D:7      | Slain by a bullfrog

Vanquished Creatures
  2 vampire mosquitoes (D:6)
  A water moccasin (D:6)
  2 orc warriors
  An ice beast (D:6)
  2 sky beasts
  A black bear (D:6)
  A centaur (D:6)
  2 ogres
  A phantom (D:5)
  A bullfrog (D:6)
  A kobold brigand (D:6)
  2 necrophages
  3 scorpions
  A howler monkey (D:7)
  5 jellies
  2 hounds
  A gnoll bouda (D:6)
  4 orc priests
  5 iguanas
  5 orc wizards
  12 mummies (Ossuary)
  9 gnolls
  10 adders
  A shadow imp (D:5)
  2 white imps
  An ufetubus (D:6)
  3 worms
  5 dart slugs
  15 orcs
  5 ball pythons
  4 endoplasms
  7 giant cockroaches
  4 goblins
  8 hobgoblins
  6 jackals
  8 kobolds
  2 quokkas
  A bat (D:1)
  4 frilled lizards
  4 gnoll skeletons (Ossuary)
  A goblin skeleton (Ossuary)
  A goblin zombie (D:6)
  3 kobold skeletons (Ossuary)
  A quokka zombie (D:6)
  3 rats
  11 rat skeletons (Ossuary)
174 creatures vanquished.
